 Dungeon Crawl Stone Soup version 0.21.0-3-g78d12a8 (webtiles) character file.

23384 quantumfuzzball the Severer (level 13, -4/115 HPs)
             Began as a Hill Orc Monk on Jan 9, 2018.
             Was a High Priest of Beogh.
             Slain by a thrashing horror (7 damage)
             ... on level 3 of the Abyss.
             The game lasted 01:52:12 (19988 turns).

quantumfuzzball the Severer (Hill Orc Monk)        Turns: 19988, Time: 01:52:12

Health: -4/115     AC: 22    Str: 19    XL:     13   Next: 6%
Magic:  20/20      EV:  9    Int: 10    God:    Beogh [*****.]
Gold:   827        SH:  0    Dex: 13    Spells: 12/12 levels left

rFire    + + +     SeeInvis .   e - +4 battleaxe (freeze)
rCold    + . .     Gourm    .   (shield currently unavailable)
rNeg     + . .     Faith    .   y - +0 chain mail {rF+}
rPois    +         Spirit   .   p - +0 helmet "Umattamu" {rN+}
rElec    .         Reflect  .   I - +2 cloak {rPois}
rCorr    .         Harm     .   q - +0 pair of gloves
MR       .....                  w - +1 pair of boots
Stlth    ..........             O - amulet of regeneration
HPRegen  0.69/turn              H - ring of protection from cold
MPRegen  0.17/turn              r - ring of protection from fire

@: hasted, very quick
A: walk on water, talons 2, slimy green scales 1, fire resistance 1
a: Smiting, Recall Orcish Followers, Give Item to Named Follower, Renounce
Religion


You were on level 3 of the Abyss.
You worshipped Beogh.
Beogh was extremely pleased with you.
You were not hungry.

You visited 2 branches of the dungeon, and saw 15 of its levels.
You visited the Abyss 1 time.

You collected 909 gold pieces.
You spent 82 gold pieces at shops.

Inventory:

Hand Weapons
 e - a +4 battleaxe of freezing (weapon)
 t - a +1 dire flail of holy wrath
 J - a +1 war axe
 L - a +2 scimitar of flaming
 Q - a +2 trident
 W - a +2 battleaxe
 X - a +3 battleaxe
Armour
 p - the +0 helmet "Umattamu" (worn) {rN+}
   (You took it off Robin on level 2 of the Dungeon)

   It protects you from negative energy.
 q - a +0 pair of gloves (worn)
 w - a +1 pair of boots (worn)
 y - a +0 chain mail of fire resistance (worn)
 G - the -2 buckler of the Insatiable Nights {rF+ MR- Dex+2}
   (You found it on level 11 of the Dungeon)

   It affects your dexterity (+2).
   It protects you from fire.
   It affects your resistance to hostile enchantments.
 I - a +2 cloak of poison resistance (worn)
Jewellery
 k - an uncursed amulet of guardian spirit {unknown}
 r - a ring of protection from fire (right hand)
 u - the ring "Xifiam Yggie" {*Tele Int+2, unknown}
   (You found it on level 3 of the Abyss)

   [ring of teleportation]

   It may teleport you next to monsters.
   It affects your intelligence (+2).
 H - a ring of protection from cold (left hand)
 O - an amulet of regeneration (around neck)
 S - an uncursed ring of fire
Wands
 a - a wand of clouds (6)
 f - a wand of random effects (26)
 i - a wand of enslavement (13)
 v - a wand of paralysis (3)
 A - a wand of digging (23)
 F - a wand of disintegration (21)
 N - a wand of iceblast (22)
 T - a wand of flame (52)
Scrolls
 b - 4 scrolls of teleportation
 h - 5 scrolls of amnesia
 j - 5 scrolls of remove curse
 m - 2 scrolls of magic mapping
 o - a scroll of fog
Potions
 g - a potion of ambrosia
 l - 5 potions of brilliance
 n - 6 potions of curing
 s - a potion of flight
 z - 7 potions of mutation
 C - a potion of might
 M - a potion of haste
Books
 U - a book of Enchantments

   Spells                             Type                      Level
   a - Cause Fear                     Hexes                        4
   b - Yara's Violent Unravelling     Hexes/Transmutation          5
   c - Silence                        Hexes/Air                    5
   d - Deflect Missiles               Charms/Air                   6
   e - Discord                        Hexes                        8
Comestibles
 c - 24 rations


   Skills:
 + Level 10.9 Fighting
 - Level 5.0 Long Blades
 * Level 15.7 Axes
 + Level 9.7 Armour
 - Level 2.5 Dodging
 - Level 3.7 Stealth
 + Level 5.3 Shields
 + Level 10.1 Invocations
 - Level 6.0 Evocations


You had 12 spell levels left.
You didn't know any spells.

Dungeon Overview and Level Annotations

Branches:
Dungeon (13/15)            Temple (0/1) D:7            Lair (2/6) D:9
    Orc (0/2) D:12         Vaults (0/5) D:13
  Swamp: Lair:2-4    Shoals: Lair:2-4     Snake: Lair:2-4    Spider: Lair:2-4

Altars:
Ashenzari
Cheibriados
Dithmenos
Gozag
Hepliaklqana
Nemelex Xobeh
Okawaru
Qazlal
Ru
Sif Muna
Trog
Uskayaw
Vehumet
Xom
The Shining One

Shops:
D:7 *

Annotations:
D:3 Grinder
D:4 exclusion: statue


Innate Abilities, Weirdness & Mutations

You can walk on water.
You have razor-sharp toenails.
You are partially covered in slimy green scales. (AC +2)
Your flesh is heat resistant. (rF+)


Message History

You stumble backwards!
The thrashing horror tramples you but does no damage. x2
You slash the thrashing horror! You freeze the thrashing horror.
The thrashing horror is moderately damaged.
The thrashing horror tramples you!
* * * LOW HITPOINT WARNING * * *
You hold your ground!
The thrashing horror barely misses you.
The thrashing horror tramples you but does no damage. x2
You closely miss the thrashing horror.
The thrashing horror is moderately damaged.
The thrashing horror tramples you.
* * * LOW HITPOINT WARNING * * *
You hold your ground!
The thrashing horror tramples you but does no damage.
You slice the thrashing horror!! You freeze the thrashing horror.
The thrashing horror is almost destroyed.
The thrashing horror churns violently!
The thrashing horror seems to grow stronger.
The thrashing horror tramples you!
You die...

# . ##. . #. .
. ...# ## .....
.. #. . # #..
.#.. #.? ######
# # ..#
##..#@##∩....##
#.##..#X##.##
...#
#.#...X###.#
...#
#....###.#.# #
## #.#...#
##... .# #
##..# #. . ...
#.#.##X ..#.. #
#.####.#..# ..#
#.#. ##..#. #


You could see 2 thrashing horrors.

Vanquished Creatures
  A centaur warrior (D:13)
  A two-headed ogre (D:12)
  An ogre mage (D:12)
  Sonja (D:11)
  An unseen horror (D:12)
  A worldbinder (Abyss:3)
  Maurice (D:8)
  An efreet (D:12)
  A troll (D:10)
  3 slime creatures (D:13)
  2 hippogriffs
  A dream sheep (Lair:2)
  2 large abominations (Abyss:3)
  Sigmund (D:2)
  A human (D:7)
  The ghost of cellescent the Skirmisher, an amateur DgWn (D:5)
  4 hogs (D:7)
  A hungry ghost (D:8)
  An acid dragon (D:13)
  A water moccasin (Lair:2)
  2 porcupines (Lair:1)
  An eye of draining (D:6)
  4 ice beasts
  A sky beast (D:6)
  A black bear (D:10)
  2 ogres
  3 phantoms
  4 wolves (Lair:1)
  5 centaurs
  Blork the orc (D:4)
  6 bullfrogs
  A crocodile (Lair:2)
  A scorpion (D:4)
  A killer bee (D:10)
  8 wights
  5 crimson imps
  A centaur zombie (D:6)
  2 quasits
  4 jellies
  2 hounds
  An orc priest (D:11)
  A gnoll shaman (D:5)
  2 centaur skeletons
  9 orc wizards
  Terence (D:2)
  Natasha (twice) (D:2)
  4 iguanas
  7 worker ants
  A hound skeleton (D:5)
  Robin (D:2)
  12 adders
  14 gnolls
  A howler monkey skeleton (D:4)
  3 shadow imps
  5 worms
  7 dart slugs
  3 leopard geckos
  18 orcs
  10 bats
  2 giant cockroaches
  15 goblins
  7 hobgoblins
  8 kobolds
  3 quokkas
  4 ball pythons
  9 frilled lizards
  A leopard gecko zombie (D:8)
  A quokka skeleton (D:6)
  A quokka zombie (D:8)
  13 rats
  A plant (D:9)
249 creatures vanquished.

Vanquished Creatures (collateral kills)
  A frost giant (D:12)
  3 hydras
  Erica (D:8)
  5 two-headed ogres
  2 wizards (D:13)
  2 ugly things (D:12)
  A manticore (D:12)
  A centaur zombie (D:13)
  2 gargoyles (D:12)
  2 spiny frogs (Lair:2)
  2 centaur skeletons (D:12)
  3 komodo dragons
  A troll (D:9)
  Prince Ribbit (D:9)
  2 hornets
  6 slime creatures (D:13)
  3 dream sheep (Lair:2)
  4 hippogriffs
  A meliai zombie (D:12)
  A shadow (D:12)
  A wyvern (D:12)
  13 yaks
  A hungry ghost (D:10)
  A steam dragon (D:12)
  2 vampire mosquitoes
  A soldier ant (D:12)
  A water moccasin (Lair:2)
  4 orc warriors
  A swamp drake (D:12)
  A black bear (D:9)
  2 ice beasts
  A sky beast (D:8)
  2 ogres (D:12)
  A necrophage (D:10)
  4 wolves (Lair:1)
  A crocodile (Lair:1)
  6 bullfrogs
  A scorpion (D:9)
  3 killer bees (D:10)
  9 wights
  An electric eel (D:12)
  A quasit (D:12)
  2 jellies
  An orc wizard (D:10)
  3 iguanas
  2 worker ants
  A hound zombie (D:9)
  An adder (D:11)
  A leopard gecko (D:8)
  5 orcs
  A bush (Lair:1)
  A butterfly (Lair:2)
  2 fungi
  4 plants
126 creatures vanquished.

Vanquished Creatures (others)
  An orc knight (D:12)
  3 orc priests
  4 orc wizards (D:12)
  27 orcs
  A goblin (D:3)
  2 fungi (Lair:1)
  7 plants
45 creatures vanquished.

Grand Total: 420 creatures vanquished

Notes
Turn   | Place    | Note
-------+----------+-------------------------------------------
     0 | D:1      | quantumfuzzball the Hill Orc Monk began the quest for the Orb.
     0 | D:1      | Reached XP level 1. HP: 19/19 MP: 1/1
    69 | D:1      | Reached XP level 2. HP: 21/27 MP: 2/2
   474 | D:1      | Gained mutation: Your flesh is heat resistant. (rF+) [potion of mutation]
   474 | D:1      | Gained mutation: You have sharp toenails. [potion of mutation]
   474 | D:1      | Gained mutation: You have razor-sharp toenails. [potion of mutation]
   474 | D:1      | Gained mutation: You are partially covered in slimy green scales. (AC +2) [potion of mutation]
   546 | D:1      | Reached XP level 3. HP: 33/33 MP: 3/3
  1257 | D:2      | Reached skill level 1 in Armour
  1555 | D:2      | Reached skill level 5 in Axes
  1722 | D:2      | Reached XP level 4. HP: 31/40 MP: 4/4
  1947 | D:2      | Noticed Terence
  1961 | D:2      | Killed Terence
  2123 | D:2      | Found a shadowy altar of Dithmenos.
  2146 | D:2      | Noticed Robin
  2168 | D:2      | Killed Robin
  2191 | D:2      | Got a crude helmet
  2269 | D:2      | Identified the +0 helmet "Umattamu" {rN+} (You took it off Robin on level 2 of the Dungeon)
  2321 | D:2      | Reached XP level 5. HP: 40/47 MP: 5/5
  2720 | D:3      | Reached skill level 6 in Axes
  2871 | D:3      | Found a sacrificial altar of Ru.
  2882 | D:3      | Reached XP level 6. HP: 55/55 MP: 6/6
  2942 | D:3      | Noticed Natasha
  2961 | D:2      | Killed Natasha
  3106 | D:3      | Noticed Grinder
  3114 | D:3      | Noticed Sigmund
  3128 | D:2      | Killed Sigmund
  3128 | D:2      | Reached skill level 5 in Fighting
  3128 | D:2      | Reached skill level 7 in Axes
  3128 | D:2      | Reached XP level 7. HP: 61/61 MP: 7/7
  3182 | D:2      | Noticed Natasha
  3195 | D:2      | Killed Natasha
  3334 | D:3      | Found a shattered altar of Ashenzari.
  3384 | D:3      | Found a deep blue altar of Sif Muna.
  4014 | D:4      | Found a radiant altar of Vehumet.
  4687 | D:4      | Noticed Blork the orc
  4695 | D:4      | Killed Blork the orc
  4695 | D:4      | Reached skill level 8 in Axes
  4820 | D:5      | Entered Level 5 of the Dungeon
  4821 | D:5      | Became a worshipper of Beogh the Brigand
  4821 | D:5      | Reached * piety under Beogh
  4821 | D:5      | Reached ** piety under Beogh
  4970 | D:5      | Reached XP level 8. HP: 50/70 MP: 8/8
  5248 | D:5      | Noticed cellescent's ghost (amateur DgWn)
  5255 | D:5      | Killed cellescent's ghost
  5255 | D:5      | Reached skill level 1 in Invocations
  5255 | D:5      | Reached skill level 1 in Evocations
  5715 | D:5      | Found an iron altar of Okawaru.
  5801 | D:5      | Reached skill level 9 in Axes
  6684 | D:6      | Reached XP level 9. HP: 78/78 MP: 3/11
  6691 | D:6      | Reached skill level 5 in Armour
  6714 | D:6      | Reached skill level 10 in Axes
  7731 | D:7      | Found Ocarie Tidu's General Store.
  7782 | D:7      | Bought a scroll of enchant weapon for 82 gold pieces
  7908 | D:7      | Found a deep blue altar of Sif Muna.
  7909 | D:7      | Found a sacrificial altar of Ru.
  7909 | D:7      | Found a deep blue altar of Sif Muna.
  7909 | D:7      | Found a hide-covered altar of Uskayaw.
  7910 | D:7      | Found a deep blue altar of Sif Muna.
  7910 | D:7      | Found a radiant altar of Vehumet.
  7912 | D:7      | Found a shattered altar of Ashenzari.
  7912 | D:7      | Found an opulent altar of Gozag.
  7913 | D:7      | Found a glowing golden altar of the Shining One.
  7913 | D:7      | Found a shattered altar of Ashenzari.
  7914 | D:7      | Found an opulent altar of Gozag.
  7914 | D:7      | Found a hazy altar of Hepliaklqana.
  7921 | D:7      | Found a staircase to the Ecumenical Temple.
  8309 | D:7      | Found a snail-covered altar of Cheibriados.
  8836 | D:7      | Noticed a moth of wrath
  8948 | D:7      | Found a bloodstained altar of Trog.
  9267 | D:7      | Reached *** piety under Beogh
  9629 | D:7      | Reached skill level 11 in Axes
  9629 | D:7      | Reached skill level 5 in Invocations
  9957 | D:7      | Reached XP level 10. HP: 80/88 MP: 14/14
 10437 | D:8      | Noticed Maurice
 10456 | D:8      | Killed Maurice
 10607 | D:8      | Noticed Erica
 10629 | D:8      | Killed Erica
 10629 | D:8      | Reached skill level 12 in Axes
 10950 | D:8      | Gained Ortolf as an ally
 11383 | D:9      | Noticed Prince Ribbit
 11391 | D:9      | Killed Prince Ribbit
 11487 | D:9      | Reached skill level 5 in Evocations
 11741 | D:9      | Found a staircase to the Lair.
 11863 | D:9      | Found a hide-covered altar of Uskayaw.
 11863 | D:9      | Found a glowing golden altar of the Shining One.
 12004 | D:9      | Reached **** piety under Beogh
 12024 | D:9      | Found a shimmering altar of Xom.
 12037 | D:9      | Found a stormy altar of Qazlal.
 12037 | D:9      | Found a sparkling altar of Nemelex Xobeh.
 12038 | D:9      | Found a sacrificial altar of Ru.
 12331 | D:10     | Entered Level 10 of the Dungeon
 12621 | D:10     | Noticed a two-headed ogre
 12667 | D:11     | Got a shimmering buckler
 12677 | D:11     | Identified the -2 buckler of the Insatiable Nights {rF+ MR- Dex+2} (You found it on level 11 of the Dungeon)
 12777 | D:10     | Reached skill level 1 in Long Blades
 12868 | D:10     | Reached XP level 11. HP: 83/95 MP: 16/16
 13082 | D:10     | Reached skill level 13 in Axes
 13226 | D:10     | Noticed a two-headed ogre
 13237 | D:10     | Killed a two-headed ogre
 13460 | D:10     | Killed a two-headed ogre
 13980 | D:11     | Noticed Sonja
 13986 | D:11     | Killed Sonja
 15112 | D:13     | Noticed a centaur warrior
 15153 | D:12     | Noticed a two-headed ogre
 15158 | D:12     | Reached skill level 1 in Shields
 15162 | D:12     | Killed a two-headed ogre
 15289 | D:12     | Killed an unseen horror
 15425 | D:13     | Paralysed by a hornet for 3 turns
 15431 | D:13     | Killed a centaur warrior
 15495 | D:13     | Noticed a two-headed ogre
 15500 | D:13     | Killed a two-headed ogre
 15516 | D:13     | Noticed a two-headed ogre
 15524 | D:13     | Killed a two-headed ogre
 15743 | D:13     | Found a gate to the Vaults.
 15755 | D:13     | Gained Orgrim as an ally
 15988 | D:12     | Reached skill level 14 in Axes
 16393 | Lair:1   | Entered Level 1 of the Lair of Beasts
 16407 | Lair:1   | Reached XP level 12. HP: 91/106 MP: 18/18
 16724 | Lair:1   | Reached skill level 10 in Fighting
 17345 | Lair:1   | Noticed an eight-headed hydra
 17350 | Lair:1   | Killed a seven-headed hydra
 17695 | Lair:2   | Noticed an eight-headed hydra
 17699 | Lair:2   | Killed a seven-headed hydra
 18237 | D:12     | Found a staircase to the Orcish Mines.
 18240 | D:12     | Reached ***** piety under Beogh
 18244 | D:12     | Gained Thorok as an ally
 18579 | D:12     | Noticed a four-headed hydra
 18584 | D:12     | Killed a two-headed hydra
 18584 | D:12     | Reached skill level 5 in Long Blades
 18643 | D:12     | Your ally Thorok died
 18661 | D:12     | Noticed a two-headed ogre
 18666 | D:12     | Killed a two-headed ogre
 18666 | D:12     | Reached skill level 15 in Axes
 18812 | D:12     | Noticed a frost giant
 18816 | D:12     | Your ally Ortolf died
 18833 | D:12     | Killed a frost giant
 19140 | D:13     | Noticed an ogre mage
 19176 | D:12     | Killed an ogre mage
 19341 | D:13     | Reached skill level 5 in Shields
 19399 | D:13     | Reached skill level 10 in Invocations
 19562 | D:13     | Reached XP level 13. HP: 115/115 MP: 20/20
 19577 | D:13     | Cast into level 2 of the Abyss (a wizard)
 19597 | Abyss:3  | Found a corrupted altar of Lugonu.
 19628 | Abyss:3  | Got a crude bone ring
 19657 | Abyss:3  | Noticed an ettin
 19810 | Abyss:3  | Noticed a starcursed mass
 19816 | Abyss:3  | Paralysed by accursed screaming for 1 turns
 19986 | Abyss:3  | HP: 4/115 [thrashing horror (9)]
 19988 | Abyss:3  | Slain by a thrashing horror

Skill      XL: |  1  2  3  4  5  6  7  8  9 10 11 12 |
---------------+-------------------------------------+-----
Stealth        | 2 3 |  3.7
Fighting       | 4 5 6 7 8 9 10 | 10.9
Armour         | 1 2 3 4 6 7 8 9 |  9.7
Axes           | 5 6 7 8 9 11 12 14 15 | 15.7
Invocations    | 3 5 7 8 10 | 10.1
Evocations     | 2 4 5 6 |  6.0
Long Blades    | 1 3 5 |  5.0
Shields        | 2 5 |  5.3
Dodging        | |  2.5

Action                   |  1- 3 |  4- 6 |  7- 9 | 10-12 | 13-15 || total
-------------------------+-------+-------+-------+-------+-------++-------
Melee: Hand axe          |   125 |   152 |    97 |       |       ||   374
       Kick              |    14 |    38 |    42 |       |       ||    94
       Dire flail        |       |       |   351 |   121 |       ||   472
       War axe           |       |       |       |   201 |       ||   201
       Scimitar          |       |       |       |   103 |     7 ||   110
       Trident           |       |       |       |     7 |       ||     7
       Battleaxe         |       |       |       |       |    19 ||    19
Throw: Stone             |       |       |     1 |       |       ||     1
Invok: Convert to Beogh  |       |       |     1 |       |       ||     1
       Smiting           |       |       |     1 |     2 |       ||     3
       Recall Orcish Fol |       |       |       |     7 |     1 ||     8
Evoke: Wand              |       |       |     2 |     4 |       ||     6
  Use: Scroll            |     2 |       |     6 |    11 |    10 ||    29
       Potion            |     1 |     4 |     4 |     5 |     1 ||    15
 Stab: Sleeping          |     2 |       |       |       |       ||     2
       Paralysed         |       |       |       |     7 |       ||     7
       Distracted        |       |       |       |     4 |       ||     4
  Eat: Chunk             |     3 |     4 |    12 |    13 |       ||    32
       Ration            |       |       |     4 |     6 |       ||    10
Armor: Robe              |    10 |       |       |       |       ||    10
       Chain mail        |    51 |    83 |   344 |   368 |    60 ||   906
       Skin              |       |     5 |       |       |       ||     5
Dodge: Dodged            |    57 |    52 |   209 |   192 |    44 ||   554
       Rpst.: Scimitar   |       |       |       |    12 |     2 ||    14
